 Dungeon Crawl Stone Soup version 0.28.0-53-g5a82cb258f (webtiles) character file.

Game seed: 10700528833731438594

5304 Sin92 the Poker (level 10, 0/79 HPs)
             Began as a Demonspawn Fighter on June 3, 2022.
             Was a Follower of Okawaru.
             Slain by a vampire
             ... wielding a +0 glaive
              (19 damage)
             ... in a bailey.
             The game lasted 00:14:23 (8712 turns).

Sin92 the Poker (Demonspawn Fighter)                Turns: 8712, Time: 00:14:24

Health: 0/79       AC: 11    Str: 22    XL:     10   Next: 37%
Magic:  12/12      EV: 12    Int: 14    God:    Okawaru [*.....]
Gold:   347        SH: 17    Dex: 18    Spells: 9/9 levels left

rFire   . . .      SeeInvis .   v - +6 trident "Besi Ytoxo" {drain, Contam Int+5}
rCold   . . .      Faith    .   c - +0 buckler
rNeg    . . .      Spirit   .   b - +0 scale mail
rPois   .          Reflect  +   (no helmet)
rElec   .          Harm     .   (no cloak)
rCorr   .          Rampage  .   (no gloves)
Will    .....                   t - +2 pair of boots
Stlth   ..........              i - amulet of reflection
HPRegen 0.23/turn               p - +4 ring of slaying
MPRegen 0.13/turn               y - +6 ring of strength

@: invisible
A: claws 2, large bone plates 2, powered by death 1, spiny 1
a: Renounce Religion, Heroism


You were in a bailey.
You worshipped Okawaru.
Okawaru was aware of your devotion.
You visited 2 branches of the dungeon, and saw 9 of its levels.
You also visited: Sewer and Bailey.

You collected 347 gold pieces.

Inventory:

Hand Weapons
 a - a +0 long sword
 v - the +6 trident "Besi Ytoxo" (weapon) {drain, Contam Int+5}
   (You found it on level 3 of the Dungeon)

   A truly terrible weapon, it drains the life of any living foe it strikes.
   Int:       It affects your intelligence (+5).
   Contam:    It causes magical contamination when unequipped.
Missiles
 E - a throwing net (quivered)
Armour
 b - a +0 scale mail (worn)
 c - a +0 buckler (worn)
 t - a +2 pair of boots (worn)
Jewellery
 i - an amulet of reflection (around neck)
 o - a ring of poison resistance
 p - a +4 ring of slaying (left claw)
 y - a +6 ring of strength (right claw)
 A - an amulet of faith
 F - an amulet of regeneration
 J - a ring of positive energy
 K - a ring of protection from cold
Wands
 G - a wand of digging (5)
 I - a wand of paralysis (5)
Scrolls
 f - 2 scrolls of holy word
 l - 2 scrolls of teleportation
 n - 2 scrolls of immolation
 q - a scroll of magic mapping
 x - a scroll of fear
Potions
 d - 6 potions of might
 e - 8 potions of curing
 g - 3 potions of heal wounds {unknown}
 h - a potion of lignification {unknown}
 j - 2 potions of mutation {unknown}
 k - 4 potions of degeneration
 m - a potion of magic {unknown}
 r - 3 potions of invisibility
 s - 3 potions of ambrosia
 u - a potion of attraction
 w - a potion of cancellation
 z - a potion of haste
 C - 3 potions of resistance {unknown}


   Skills:
 + Level 7.0 Fighting
 - Level 2.5 Long Blades
 * Level 7.7 Polearms
 + Level 6.4 Armour
 + Level 5.5 Dodging
 + Level 6.3 Shields
 + Level 2.7 Invocations


You had 9 spell levels left.
You didn't know any spells.
Your spell library contained the following spells:

 Spells                   Type           Power      Damage    Failure   Level
 Sandblast                Erth           0%         2d4       65%         1
 Sting                    Tmut/Pois      0%         1d3       65%         1
 Passwall                 Tmut/Erth      0%         N/A       80%         2
 Poisonous Vapours        Pois/Air       0%         N/A       80%         2
 Stone Arrow              Conj/Erth      0%         3d7       95%         3
 Olgreb's Toxic Radiance  Pois           0%         N/A       100%        4
 Summon Small Mammal      Summ           Unusable   N/A       N/A         1
 Call Canine Familiar     Summ           Unusable   N/A       N/A         3
 Summon Guardian Golem    Hex/Summ       Unusable   N/A       N/A         3

Dungeon Overview and Level Annotations

Branches:
Dungeon (8/15)             Temple (1/1) D:7           Sewer (visited)
 Bailey (1/1)
   Lair: D:8-11

Altars:
Ashenzari
Cheibriados
Dithmenos
Gozag
Kikubaaqudgha
Makhleb
Okawaru
Qazlal
Trog
Vehumet
Wu Jian
Yredelemnul

Shops:
D:2 *?

Annotations:
D:8 2 transporters


Innate Abilities, Weirdness & Mutations

You have very sharp fingernails.
You are mostly covered in large bone plates. (SH +6)
You regenerate a little health from kills.
You are partially covered in sharp spines.


Message History

The vampire hits you from afar with a +0 glaive.
Unknown command.
You reach to attack!
You puncture the vampire!
The vampire is severely damaged.
The vampire hits you but does no damage.
Unknown command.
You reach to attack!
You hit the vampire but do no damage.
The vampire is severely damaged.
The vampire mumbles some strange words.
The vampire flickers and vanishes!
Deactivating autopickup; reactivate with Ctrl-A.
Unknown command.
No target in view!
Unknown command.
No target in view!
You hear some strange, mumbled words.
Something tries to affect you, but you resist.
You barely miss something. You block something's attack.
Something bites you but does no damage.
You barely miss something. Something draws life force from you!
You hit something but do no damage. Something hits you! Something bites you.
Something draws strength from your injuries!
You closely miss something. Something hits you.
Something bites you but does no damage.
You barely miss something. You block something's attack. Something bites you!
Something draws strength from your injuries!
Unknown command.
You miss something.
You hear some strange, mumbled words.
You are confused.
You feel better. Something hits you! You block something's attack.
You fade into invisibility!
Something hits you.
* * * LOW HITPOINT WARNING * * *
Something bites you.
* * * LOW HITPOINT WARNING * * *
Something draws strength from your injuries!
Unknown command.
You hit something. Something hits you!!
You die...

#...#..).#########
#......)........8#
#......#.........#
#8....##...##''###
#######...##....##
#8.......##......#
#8......8#...##...#
##########..## #..#
#.@# ..# #8{.# .8#
##!).. ## ##.[[8#
#####


There were no monsters in sight!

Vanquished Creatures
  Pikel (D:5)
  A cyclops (D:6)
  A gargoyle (Bailey)
  2 wyverns
  A steam dragon (D:8)
  4 vampire mosquitoes (D:7)
  Menkaure (D:4)
  Duvessa (D:7)
  4 water moccasins
  A black bear (D:4)
  A sky beast (D:7)
  2 orc warriors
  2 necrophages
  2 ogres
  A lemure (D:6)
  2 phantoms (D:5)
  5 kobold brigands
  A bullfrog (D:6)
  4 scorpions
  Dowan (D:7)
  4 killer bees (D:7)
  A bullfrog zombie (D:5)
  2 hounds
  A centaur zombie (D:4)
  4 orc priests
  A jelly (D:6)
  A gnoll shaman (D:5)
  A centaur skeleton (D:5)
  An iguana (D:6)
  3 orc wizards
  A hound zombie (D:5)
  5 gnolls (D:5)
  12 adders
  A howler monkey skeleton (D:7)
  6 river rats
  A shadow imp (D:6)
  A white imp (D:5)
  An ufetubus (D:7)
  2 adder skeletons
  An adder zombie (D:5)
  3 worms
  6 dart slugs
  29 orcs
  12 ball pythons
  6 bats
  10 endoplasms
  4 giant cockroaches
  8 goblins
  8 hobgoblins
  3 quokkas
  6 frilled lizards
  41 kobolds
  6 orc zombies (Bailey)
  26 rats
256 creatures vanquished.

Notes
Turn   | Place    | Note
-------+----------+-------------------------------------------
     0 | D:1      | Sin92 the Demonspawn Fighter began the quest for the Orb.
     0 | D:1      | Reached XP level 1. HP: 18/18 MP: 1/1
   183 | D:1      | Gained mutation: You are partially covered in sharp spines.
                  | [demonic ancestry]
   183 | D:1      | Reached XP level 2. HP: 7/24 MP: 2/2
  1315 | D:1      | Found a shadowy altar of Dithmenos.
  1322 | D:1      | Gained mutation: You are partially covered in large bone
                  | plates. (SH +4) [demonic ancestry]
  1322 | D:1      | Reached XP level 3. HP: 25/29 MP: 3/3
  1605 | D:2      | Reached skill level 1 in Dodging
  1959 | D:2      | Reached XP level 4. HP: 34/35 MP: 4/4
  2175 | D:2      | Found Voloch's Magic Scroll Boutique.
  2228 | D:2      | Found Myfel's Assorted Antiques.
  2715 | D:3      | Found a faded altar of an unknown god.
  2721 | D:3      | Identified the +6 trident "Besi Ytoxo" {drain, Contam
                  | Int+5}
  3056 | D:3      | You fall into a shaft and drop 1 floor!
  3080 | D:4      | Identified the +1 leather armour of Rationality {rPois
                  | Dex+2}
  3285 | D:4      | Gained mutation: You regenerate a little health from kills.
                  | [demonic ancestry]
  3285 | D:4      | Reached XP level 5. HP: 42/42 MP: 5/5
  3415 | D:4      | Found an ancient bone altar of Kikubaaqudgha.
  3420 | D:4      | Reached skill level 1 in Polearms
  3441 | D:4      | Gained mutation: You have sharp fingernails. [demonic
                  | ancestry]
  3441 | D:4      | Reached XP level 6. HP: 47/48 MP: 6/6
  3514 | D:4      | Found a glowing drain.
  3523 | Sewer    | Entered a sewer
  4111 | D:4      | Gained mutation: You have very sharp fingernails. [demonic
                  | ancestry]
  4111 | D:4      | Reached XP level 7. HP: 55/55 MP: 7/7
  4336 | D:4      | Noticed Menkaure
  4346 | D:4      | Killed Menkaure
  4704 | D:4      | Noticed a wyvern
  4713 | D:4      | Killed a wyvern
  4714 | D:4      | Gained mutation: You are mostly covered in large bone
                  | plates. (SH +6) [demonic ancestry]
  4714 | D:4      | Reached XP level 8. HP: 35/61 MP: 8/8
  4952 | D:5      | Entered Level 5 of the Dungeon
  5067 | D:5      | Reached skill level 5 in Fighting
  5458 | D:5      | Reached skill level 5 in Polearms
  5569 | D:5      | Reached skill level 5 in Armour
  5569 | D:5      | Reached skill level 5 in Shields
  5832 | D:6      | Noticed a cyclops
  5844 | D:6      | Killed a cyclops
  5845 | D:6      | Reached XP level 9. HP: 69/69 MP: 9/9
  5993 | D:6      | Found an opulent altar of Gozag.
  6084 | D:6      | Found an ornate altar of the Wu Jian Council.
  6101 | D:6      | Found a bloodstained altar of Trog.
  6712 | D:6      | Noticed Pikel
  6951 | D:5      | Killed Pikel
  6958 | D:5      | Reached skill level 5 in Dodging
  7464 | D:7      | Found a staircase to the Ecumenical Temple.
  7476 | Temple   | Entered the Ecumenical Temple
  7488 | Temple   | Became a worshipper of Warmaster Okawaru
  7574 | D:7      | Found a radiant altar of Vehumet.
  7620 | D:7      | Reached skill level 1 in Invocations
  7620 | D:7      | Reached XP level 10. HP: 63/77 MP: 10/10
  7662 | D:7      | Reached * piety under Okawaru
  7916 | D:7      | Noticed Duvessa
  7916 | D:7      | Noticed Dowan
  7921 | D:7      | Killed Dowan
  7927 | D:7      | Killed Duvessa
  8451 | D:8      | Found a transporter.
  8453 | D:8      | Found a transporter.
  8453 | D:8      | Noticed a boulder beetle
  8464 | D:8      | Found a flagged portal.
  8490 | Bailey   | Entered a bailey
  8516 | Bailey   | Noticed a gargoyle
  8523 | Bailey   | Killed a gargoyle
  8712 | Bailey   | Slain by a vampire

Illustrated notes

Levels and vault maps discovered:
D:1:      erik_arrival_cave_to_civilisation [erik_arrival_cave_to_hall],
          layout_basic, minmay_misc_feat_hallway, minmay_hexomino_r4
D:2:      kb_forest_paths, layout_basic, serial_shops, nicolae_shop_stone,
          shop_statue
D:3:      wad_crossroads, layout_loops_ring, ebering_ecumenical_altar_box
D:4:      layout_basic, nicolae_kikubaaqudgha_miasma_corner,
          lightli_sewer_entry_pipes, uniq_menkaure
D:5:      layout_loops_ring, nicolae_concentric_dashed_squares_wild
D:6:      cheibrodos_thug_alley, layout_cave_pods, lemuel_doored_altar,
          nicolae_overflow_squiral, hangedman_abyss_or_decor_stabs,
          kennysheep_dice, uniq_pikel
D:7:      layout_layer_cave, mainiacjoe_overflow_24_doors,
          minmay_temple_entry_large_hall, uniq_duvessa
D:8:      gammafunk_boulding_lane, layout_cave_pools, enter_bailey_5
Temple:   eino_temple_water
Bailey:   bailey_polearm_vampire_castle_hellmonk, bailey

Skill      XL: |  1  2  3  4  5  6  7  8  9 10 |
---------------+-------------------------------+-----
Long Blades    | 2 |  2.5
Shields        | 3 4 5 6 |  6.3
Armour         | 3 4 5 6 |  6.4
Dodging        | 1 2 3 4 5 |  5.5
Polearms       | 1 3 4 5 7 |  7.7
Fighting       | 4 5 6 7 |  7.0
Invocations    | 1 2 |  2.7

Action                   |  1- 3 |  4- 6 |  7- 9 | 10-12 || total
-------------------------+-------+-------+-------+-------++-------
Melee: Long sword        |   105 |    34 |       |       ||   139
       Trident           |       |   142 |   223 |    97 ||   462
       Unarmed           |       |       |     2 |       ||     2
  Use: Scroll            |     1 |     8 |     5 |     2 ||    16
       Potion            |       |       |       |     2 ||     2
Armor: Scale mail        |    40 |    36 |    44 |    17 ||   137
Dodge: Dodged            |    36 |    39 |    48 |    25 ||   148
Block: Buckler           |    55 |   118 |   138 |    60 ||   371
       Reflection        |       |     9 |     3 |     2 ||    14
